 Dungeon Crawl Stone Soup version 0.25-a0-668-gea548f1 (webtiles) character file.

Game seed: 515353409387664569, levelgen mode: deterministic

106 antrollio the Chopper (level 4, 0/41 HPs)
             Began as a Hill Orc Monk on Mar 28, 2020.
             Succumbed to a gnoll's poison
             ... on level 2 of the Dungeon.
             The game lasted 00:06:50 (2045 turns).

antrollio the Chopper (Hill Orc Monk)               Turns: 2045, Time: 00:06:50

Health: 0/41       AC:  7    Str: 14    XL:     4   Next: 84%
Magic:  4/4        EV: 12    Int: 10    God:
Gold:   157        SH:  0    Dex: 13    Spells: 3/3 levels left

rFire    . . .     SeeInvis .   a - +0 hand axe
rCold    . . .     Gourm    .   (no shield)
rNeg     . . .     Faith    .   l - +3 leather armour
rPois    .         Spirit   .   m - +0 helmet
rElec    .         Reflect  .   (no cloak)
rCorr    .         Harm     .   (no gloves)
MR       .....                  (no boots)
Stlth    ++........             (no amulet)
HPRegen  0.13/turn              (no ring)
MPRegen  0.09/turn              (no ring)

@: lethally poisoned (0 -> -27), hasted, very quick
A: no striking features
a: no special abilities


You were on level 2 of the Dungeon.
You were hungry.

You visited 1 branch of the dungeon, and saw 3 of its levels.

You collected 157 gold pieces.

Inventory:

Hand Weapons
 a - a +0 hand axe (weapon)
Armour
 l - a +3 leather armour (worn)
 m - a +0 helmet (worn)
Scrolls
 e - a scroll of remove curse {unknown}
 f - a scroll of amnesia {unknown}
 h - 3 scrolls of identify {unknown}
 i - a scroll of teleportation {unknown}
Potions
 g - 2 potions of curing {unknown}
 j - 2 potions of haste
Comestibles
 c - 6 rations


   Skills:
 + Level 4.5 Fighting
 * Level 5.7 Axes
 + Level 0.4 Armour
 - Level 3.0 Dodging
 - Level 1.5 Stealth


You had 3 spell levels left.
You didn't know any spells.
Your spell library was empty.

Dungeon Overview and Level Annotations

Branches:
Dungeon (3/15)

Altars:


Message History

* * * LOW HITPOINT WARNING * * *
You feel sick. The gnoll hits you but does no damage.
You are more poisoned.
You hit the gnoll but do no damage.
The gnoll is moderately wounded.
* * * LOW HITPOINT WARNING * * *
You feel sick. The gnoll hits you but does no damage.
You hit the gnoll.
The gnoll is severely wounded.
* * * LOW HITPOINT WARNING * * *
You feel sick. The gnoll barely misses you. x2
You hit the gnoll but do no damage.
The gnoll is severely wounded.
* * * LOW HITPOINT WARNING * * *
You feel sick.
The gnoll hits you with a +0 spear of venom.
* * * LOW HITPOINT WARNING * * *
You are more poisoned.
It was a potion of haste.
You feel yourself speed up.
You die...

#..# #.......).....# #..#
#.............######## #..#
####.....##........... #..##
#.....##........... #...#
#.....##........... ##..#
#.....##........... #..#
#.....##...........
###..#######g#####...........
#...........@....'..........(
#...########.#####...........
#.........##(# #...........
#...#####+##.# ############
#.....†......################
#............................
#............##...........###
####.........##...........#
#.........##...........#


You could see a gnoll.

Vanquished Creatures
  Robin (D:2)
  A gnoll (D:3)
  An adder (D:2)
  3 dart slugs
  2 leopard geckos (D:2)
  12 bats
  3 giant cockroaches
  10 goblins
  12 hobgoblins
  3 jackals (D:1)
  A quokka (D:2)
  4 frilled lizards
  3 kobolds
  6 rats
62 creatures vanquished.

Notes
Turn   | Place    | Note
-------+----------+-------------------------------------------
     0 | D:1      | antrollio the Hill Orc Monk began the quest for the Orb.
     0 | D:1      | Reached XP level 1. HP: 19/19 MP: 1/1
    71 | D:1      | Reached XP level 2. HP: 15/27 MP: 2/2
   755 | D:1      | Reached XP level 3. HP: 30/33 MP: 3/3
   957 | D:2      | Reached skill level 5 in Axes
  1371 | D:2      | Reached XP level 4. HP: 34/40 MP: 4/4
  1516 | D:2      | Noticed Robin
  1529 | D:2      | Killed Robin
  2044 | D:2      | HP: 2/41 [gnoll/+0 spear of venom (4)]
  2045 | D:2      | Succumbed to a gnoll's poison

Levels and vault maps discovered:
D:1:      minmay_arrival_jagged, layout_loops_ring, nrook_uturn,
          minmay_hexomino_f4
D:2:      layout_basic, minmay_unequal, uniq_robin
D:3:      layout_rooms, hangedman_feature_mirror, uniq_crazy_yiuf_cottage

Skill      XL: |  1  2  3  4 |
---------------+-------------+-----
Fighting       | 4 |  4.5
Axes           | 5 |  5.7
Dodging        | 3 |  3.0
Armour         | |  0.4
Stealth        | |  1.5

Action                   |  1- 3 |  4- 6 || total
-------------------------+-------+-------++-------
Melee: Hand axe          |   106 |    73 ||   179
  Use: Potion            |       |     1 ||     1
 Stab: Sleeping          |     4 |       ||     4
  Eat: Chunk             |     2 |     1 ||     3
Armor: Robe              |    22 |       ||    22
       Leather armour    |     3 |    27 ||    30
Dodge: Dodged            |    77 |    52 ||   129

Table legend:
 A = Non-vault XP
 B = Vault XP
 C = Vault XP percentage of total XP
 D = Non-vault monster count
 E = Vault monster count
 F = Vault count percentage of total count
                 A         B        C        D         E       F
            +---------+---------+-------+---------+---------+-------
      Total |     106 |      46 |  30.3 |      45 |      17 |  27.4
            +---------+---------+-------+---------+---------+-------
        D:1 |      31 |       6 |  16.2 |      17 |       4 |  19.0
        D:2 |      59 |      40 |  40.4 |      25 |      13 |  34.2
        D:3 |      16 |       0 |   0.0 |       3 |       0 |   0.0
            +---------+---------+-------+---------+---------+-------
